 Dungeon Crawl Stone Soup version 0.27-a0-1060-gcb85b5eba1 (webtiles) character file.

Game seed: 2574410918629200343

323 porpoise the Magician (level 6, -3/47 HPs)
             Began as a Djinni Venom Mage on Apr 22, 2021.
             Slain by a phantom (7 damage)
             ... on level 4 of the Dungeon.
             The game lasted 00:14:16 (5462 turns).

porpoise the Magician (Djinni Venom Mage)           Turns: 5462, Time: 00:14:16

Health: -3/47      AC:  2    Str:  7    XL:     6   Next: 47%
Gold:   129        EV: 12    Int: 18    God:
                   SH:  0    Dex: 14

rFire    + + .     SeeInvis .   a - +0 short sword
rCold    x . .     Faith    .   (no shield)
rNeg     . . .     Spirit   .   f - +0 robe
rPois    ∞         Reflect  .   (no helmet)
rElec    .         Harm     .   (no cloak)
rCorr    .         Rampage  .   (no gloves)
Will     .....                  (boots unavailable)
Stlth    ++........             (no amulet)
HPRegen  0.15/turn              (no ring)
MPRegen  0.00/turn              (no ring)

@: flying
A: fire resistance 2, cold vulnerability 1, float, innate caster, hp casting,
extra vitality 1
a: no special abilities


You were on level 4 of the Dungeon.
You visited 1 branch of the dungeon, and saw 4 of its levels.

You collected 129 gold pieces.

Inventory:

Hand Weapons
 a - a +0 short sword (weapon)
Missiles
 e - 3 boomerangs
 l - 39 stones
 q - 2 throwing nets
 r - 58 sling bullets
 t - 21 arrows
 u - 10 poisoned darts
Armour
 f - a +0 robe (worn)
Wands
 s - a wand of charming (3)
Scrolls
 c - 2 scrolls of torment
 d - a scroll of summoning {unknown}
 g - a scroll of immolation {unknown}
 k - a scroll of amnesia {unknown}
 m - a scroll of vulnerability {unknown}
 n - a scroll of magic mapping {unknown}
Potions
 b - 2 potions of mutation
 h - a potion of heal wounds {unknown}
 i - a potion of lignification {unknown}
 j - a potion of brilliance {unknown}
 o - 2 potions of berserk rage
 p - 2 potions of magic {unknown}


   Skills:
 + Level 4.2 Fighting
 - Level 2.1 Dodging
 - Level 1.5 Stealth
 + Level 4.6 Spellcasting


You couldn't memorise any spells.
You knew the following spells:

 Your Spells              Type           Power      Damage    Failure   Level
a - Sting                 Tmut/Pois      80%        1d7       1%          1
i - Ignite Poison         Fire/Tmut/Pois 20%        N/A       6%          3
m - Mephitic Cloud        Conj/Pois/Air  20%        N/A       6%          3
o - Olgreb's Toxic Radia  Pois           20%        N/A       21%         4
s - Foxfire               Conj/Fire      80%        2x1d8     1%          1
v - Poisonous Vapours     Pois/Air       40%        N/A       3%          2
w - Slow                  Hex            20%        N/A       3%          2
Your spell library was empty.

Dungeon Overview and Level Annotations

Branches:
Dungeon (4/15)
 Temple: D:4-7

Altars:
Fedhas
Gozag
Zin

Shops:
D:3 [(*   D:4 ![=*[


Innate Abilities, Weirdness & Mutations

You are immune to poison.
Your flesh is very heat resistant. (rF++)
You are vulnerable to cold. (rC-)
You float through the air rather than walking.
You learn spells naturally, not from books.
Your magical power is your life essence.
You have superior vitality. (+4 HP)


Message History

Confirm with . or Enter, or press ? or * to list all spells.
You conjure some foxfire!
The phantom hits you.
The phantom blinks!
You blink.
Casting: Foxfire (safe; 1% risk of failure)
Confirm with . or Enter, or press ? or * to list all spells.
You conjure some foxfire!
The foxfire hits the phantom but does no damage.
The phantom is heavily damaged.
The foxfire hits the phantom.
The phantom is severely damaged.
The phantom hits you.
The phantom blinks!
You blink.
Casting: Foxfire (safe; 1% risk of failure)
Confirm with . or Enter, or press ? or * to list all spells.
You conjure some foxfire!
The phantom hits you.
The phantom blinks!
You blink.
The foxfire hits the phantom.
The phantom is severely damaged.
The foxfire hits the phantom.
The phantom is almost destroyed.
The foxfire hits the phantom.
The phantom is almost destroyed.
Casting: Foxfire (safe; 1% risk of failure)
Confirm with . or Enter, or press ? or * to list all spells.
You conjure some foxfire!
The foxfire hits the phantom.
The phantom is almost destroyed.
The foxfire hits the phantom.
The phantom is almost destroyed.
The phantom hits you!
Casting: Foxfire (safe; 1% risk of failure)
Confirm with . or Enter, or press ? or * to list all spells.
You conjure some foxfire!
* * * LOW HITPOINT WARNING * * *
The phantom hits you!
* * * LOW HITPOINT WARNING * * *
The phantom blinks!
You blink.
Casting: Foxfire (safe; 1% risk of failure)
Confirm with . or Enter, or press ? or * to list all spells.
You conjure some foxfire!
* * * LOW HITPOINT WARNING * * *
The phantom hits you!
You die...

.............#
##...# .............
#.§.## ............
#§..# #'#.....###
##§§.## #.#.....#
##§§.## #.#.##'##
##§v.## #.#.##..#
##v..#
#######.######
#Wv.##
####.........# #@..#
#.......####.##.v.##
......### #...#
....### #...## .####
#...# ## #...# #
...## # ####


You could see a phantom (ally target).

Vanquished Creatures
  A scorpion (D:4)
  2 hounds (D:4)
  A bullfrog skeleton (D:4)
  An orc wizard (D:4)
  4 gnolls (D:3)
  3 adders
  3 worms (D:2)
  5 dart slugs
  7 orcs
  3 ball pythons
  4 bats
  2 endoplasms (D:2)
  4 giant cockroaches
  5 hobgoblins
  5 jackals
  A kobold (D:1)
  2 quokkas
  3 frilled lizards
  5 goblins
  3 rats (D:1)
64 creatures vanquished.

Vanquished Creatures (collateral kills)
  2 foxfires (D:3)
2 creatures vanquished.

Vanquished Creatures (others)
  131 foxfires
  A plant (D:3)
  6 withered plants (D:3)
138 creatures vanquished.

Grand Total: 204 creatures vanquished

Notes
Turn   | Place    | Note
-------+----------+-------------------------------------------
     0 | D:1      | porpoise the Djinni Venom Mage began the quest for the Orb.
     0 | D:1      | Reached XP level 1. HP: 15/15 MP: 0/0
   316 | D:1      | Reached skill level 1 in Fighting
   316 | D:1      | Reached XP level 2. HP: 14/22 MP: 0/0
  1745 | D:1      | Reached XP level 3. HP: 15/27 MP: 0/0
  1745 | D:1      | Learned a level 1 spell: Foxfire
  2733 | D:3      | Reached XP level 4. HP: 31/33 MP: 0/0
  2753 | D:3      | Found a blossoming altar of Fedhas.
  2773 | D:3      | Found Erpheud's Antique Armour Emporium.
  2919 | D:3      | Found Saenih's Assorted Antiques.
  3513 | D:3      | Found a faded altar of an unknown god.
  3714 | D:3      | Found a glowing silver altar of Zin.
  4079 | D:3      | Found an opulent altar of Gozag.
  4210 | D:3      | Reached XP level 5. HP: 38/40 MP: 0/0
  4210 | D:3      | Learned a level 2 spell: Slow
  4278 | D:3      | Found Qiyz's Weapon Shop.
  4718 | D:4      | Found Qergheec's Antique Armour Boutique.
  4810 | D:4      | Found Isosef's Jewellery Boutique.
  4827 | D:4      | Found Neob Oba's General Store.
  4885 | D:4      | Reached XP level 6. HP: 29/47 MP: 0/0
  5061 | D:4      | Found Qaqosuc's Distillery.
  5159 | D:4      | Found Liwymott's Armour Boutique.
  5462 | D:4      | Slain by a phantom

Illustrated notes

Levels and vault maps discovered:
D:1:      amcnicky_arrival_gap_in_the_tavern_cellar, layout_basic
D:2:      layout_rooms
D:3:      layout_loops_corners, pdpol_temple_overflow_zin_treasury_gozag_greed,
          general_overflow_altar, serial_shops, shop_statue,
          nicolae_shop_waterfront, nicolae_shop_trees,
          shapermc_ecumenical_altar_flowoftime
D:4:      wander_river, layout_basic, serial_curves, eino_curves_04,
          eino_curves_01, eino_curves_01, serial_shops, shop_statue,
          kennysheep_mini, nicolae_shop_temple_entry_statues_fountains,
          kennysheep_little_box, nicolae_shop_crystal

Skill      XL: |  1  2  3  4  5  6 |
---------------+-------------------+-----
Fighting       | 1 2 3 4 |  4.2
Spellcasting   | 3 4 |  4.6
Dodging        | |  2.1
Stealth        | |  1.5

Action                   |  1- 3 |  4- 6 || total
-------------------------+-------+-------++-------
Melee: Unarmed           |     2 |       ||     2
       Short sword       |    11 |    29 ||    40
 Cast: Sting             |    26 |    10 ||    36
       Poisonous Vapours |     5 |     5 ||    10
       Foxfire           |    23 |    56 ||    79
       Ignite Poison     |       |     3 ||     3
       Olgreb's Toxic Ra |       |     1 ||     1
Evoke: Wand              |       |     1 ||     1
  Use: Scroll            |       |     3 ||     3
Armor: Robe              |     4 |     3 ||     7
Dodge: Dodged            |    13 |    14 ||    27

Table legend: (Time is in decaauts)
 A = Elapsed time spent in this place.
 B = Non-inter-level travel time spent in this place.
 C = Inter-level travel time spent in this place.
 D = Time resting spent in this place.
 E = Time spent auto-exploring this place.
 F = Levels seen in this place.
 G = Mean time per level.
                   A        B        C        D        E       F      G
               +--------+--------+--------+--------+--------+-----+--------+
         Total |   5466 |   5257 |    209 |   2151 |   2583 |   4 | 1366.5 |
       Dungeon |   5466 |   5257 |    209 |   2151 |   2583 |   4 | 1366.5 |
               +--------+--------+--------+--------+--------+-----+--------+

Top non-repeatable levels by time:
     D:1: 1858 daAuts
     D:3: 1727 daAuts
     D:4: 1092 daAuts
     D:2: 787 daAuts
